 Dungeon Crawl Stone Soup version 0.28.0-53-g5a82cb258f (webtiles) character file.

Game seed: 17278745126326135841

1174 funkygono the Slasher (level 8, -4/70 HPs)
             Began as a Minotaur Fighter on July 7, 2022.
             Succumbed to a kobold brigand's curare-tipped dart
             ... on level 6 of the Dungeon.
             The game lasted 00:09:19 (5138 turns).

funkygono the Slasher (Minotaur Fighter)            Turns: 5138, Time: 00:09:20

Health: -4/70      AC: 11    Str: 22    XL:     8   Next: 18%
Magic:  7/7        EV: 12    Int:  5    God:
Gold:   168        SH:  5    Dex: 11    Spells: 7/7 levels left

rFire   + . .      SeeInvis .   v - +5 long sword
rCold   + + .      Faith    .   c - +0 buckler
rNeg    . . .      Spirit   .   y - +0 chain mail
rPois   .          Reflect  .   (helmet restricted)
rElec   .          Harm     .   k - scarf {rC+ rF+}
rCorr   .          Rampage  .   e - +0 pair of gloves
Will    .....                   (no boots)
Stlth   ..........              (no amulet)
HPRegen 0.21/turn               o - +4 ring of evasion
MPRegen 0.10/turn               n - ring of protection from cold

@: mighty, lethally poisoned (-4 -> -19), slowed, very slow
A: horns 2, retaliatory headbutt
a: no special abilities


You were on level 6 of the Dungeon.
You visited 2 branches of the dungeon, and saw 7 of its levels.

You collected 406 gold pieces.
You spent 238 gold pieces at shops.

Inventory:

Hand Weapons
 a - a +3 long sword
 v - a +5 long sword (weapon)
 z - a +1 whip of venom
Missiles
 d - 2 throwing nets
 i - 4 poisoned darts (quivered)
 j - 90 bolts
 m - 2 javelins
Armour
 b - a +3 leather armour
 c - a +0 buckler (worn)
 e - a +0 pair of gloves (worn)
 k - a scarf of resistance (worn)
 y - a +0 chain mail (worn)
Jewellery
 h - a ring of fire
 n - a ring of protection from cold (right hand)
 o - a +4 ring of evasion (left hand)
Wands
 t - a wand of acid (5)
Potions
 f - 2 potions of heal wounds
 g - 2 potions of magic
 l - a potion of might
 p - a potion of curing
 q - a potion of flight {unknown}
 r - a potion of attraction {unknown}
 u - a potion of haste {unknown}
 x - a potion of ambrosia {unknown}


   Skills:
 + Level 5.7 Fighting
 + Level 7.8 Long Blades
 + Level 7.1 Armour
 + Level 1.7 Dodging
 + Level 0.8 Stealth
 + Level 5.3 Shields


You had 7 spell levels left.
You didn't know any spells.
Your spell library contained the following spells:

 Spells                   Type           Power      Damage    Failure   Level
 Static Discharge         Conj/Air       0%         N/A       100%        2
 Lightning Bolt           Conj/Air       0%         1d11      100%        5
 Maxwell's Capacitive Co  Air            0%         ∞         100%        8


Dungeon Overview and Level Annotations

Branches:
Dungeon (6/15)             Temple (1/1) D:5

Altars:
Ashenzari
Cheibriados
Dithmenos
Elyvilon
Fedhas
Gozag
Hepliaklqana
Kikubaaqudgha
Makhleb
Nemelex Xobeh
Qazlal
Ru
Sif Muna
Trog
Uskayaw
Vehumet
Wu Jian
Xom
Yredelemnul
Zin
The Shining One
Ignis

Shops:
D:2 ?   D:5 (


Innate Abilities, Weirdness & Mutations

You have a pair of horns on your head.
You reflexively headbutt those who attack you in melee.


Message History

You feel very mighty all of a sudden.
You feel very sick.
The gnoll sergeant hits you from afar with a +0 spear.
The kobold brigand throws a poisoned dart.
You block the poisoned dart. The gnoll sergeant closely misses you.
You feel very sick.
The kobold brigand throws a curare-tipped dart.
The curare-tipped dart misses you. The gnoll sergeant closely misses you.
The gnoll hits you with a +0 flail.
* * * LOW HITPOINT WARNING * * *
The kobold brigand throws a curare-tipped dart.
You block the curare-tipped dart.
You barely miss the gnoll sergeant.
You headbutt the gnoll sergeant, but do no damage.
You feel very sick. The gnoll sergeant closely misses you.
The gnoll hits you but does no damage.
The orc wizard gestures wildly while chanting.
The orc wizard flickers and vanishes!
Deactivating autopickup; reactivate with Ctrl-A.
The gnoll sergeant closely misses you.
The gnoll splashes around in the water.
The troll barely misses you. x2; You block the troll's attack.
You slash the gnoll!
You kill the gnoll!
You hear a splash.
You feel very sick. The gnoll sergeant barely misses you.
The kobold brigand throws a curare-tipped dart.
You block the curare-tipped dart. The troll closely misses you.
You block the troll's attack. x2
The gnoll sergeant hits you with a +0 spear.
* * * LOW HITPOINT WARNING * * *
The kobold brigand throws a curare-tipped dart.
The curare-tipped dart hits you.
You are lethally poisoned!
You have difficulty breathing.
* * * LOW HITPOINT WARNING * * *
You feel as though you will be slow longer.
You slash the gnoll sergeant! You headbutt the gnoll sergeant!
The gnoll sergeant is almost dead.
You die...

.. #.≈≈≈....# ... #.≈≈≈....#
.... #'###≈≈....#
''''#############...#≈≈....###
................#oog#≈≈....#..
....≈≈≈≈≈≈K≈≈K≈≈#####≈≈....#..
....≈≈≈≈≈≈≈≈≈≈≈≈≈≈≈≈≈≈≈....#..
....≈≈≈≈≈≈≈≈{≈≈≈≈≈≈≈≈≈≈....#..
...........og@.......P.....#..
>s.........†T).....[.......'..
.#######################'###..
#........ #........ #......#+
#......# #......#. #####.##.


You could see a troll, 2 kobold brigands, a gnoll sergeant, a gnoll and an orc.

Vanquished Creatures
  An ogre (D:6)
  A centaur (D:4)
  2 scorpions
  A water moccasin zombie (D:5)
  3 killer bees (D:4)
  2 howler monkeys
  A bullfrog zombie (D:5)
  4 hounds
  A jelly (D:5)
  4 orc priests
  2 bullfrog skeletons (D:5)
  2 orc wizards
  A killer bee zombie (D:6)
  2 howler monkey zombies
  7 gnolls
  3 adders
  A white imp (D:6)
  A worm (D:5)
  2 dart slugs
  12 orcs
  7 ball pythons
  7 endoplasms
  5 giant cockroaches
  6 goblins
  7 hobgoblins
  3 quokkas (D:4)
  3 bats
  2 frilled lizards
  4 kobolds
  2 rats
99 creatures vanquished.

Vanquished Creatures (others)
  A bush (D:2)
  5 plants
6 creatures vanquished.

Grand Total: 105 creatures vanquished

Notes
Turn   | Place    | Note
-------+----------+-------------------------------------------
     0 | D:1      | funkygono the Minotaur Fighter began the quest for the Orb.
     0 | D:1      | Reached XP level 1. HP: 19/19 MP: 0/0
   262 | D:1      | Reached XP level 2. HP: 27/27 MP: 1/1
   629 | D:1      | Found a faded altar of an unknown god.
  1162 | D:2      | Found Ticeo's Magic Scroll Shop.
  1213 | D:2      | Reached XP level 3. HP: 24/34 MP: 2/2
  1298 | D:2      | Bought a scroll of identify for 28 gold pieces
  1793 | D:3      | Reached XP level 4. HP: 36/41 MP: 3/3
  2610 | D:2      | Bought a scroll of enchant weapon for 105 gold pieces
  2610 | D:2      | Bought a scroll of enchant weapon for 105 gold pieces
  2733 | D:4      | Reached XP level 5. HP: 45/47 MP: 4/4
  2794 | D:4      | Reached skill level 5 in Armour
  3031 | D:4      | Found a broken altar of Ashenzari.
  3081 | D:4      | Reached XP level 6. HP: 13/55 MP: 5/5
  3082 | D:4      | HP: 2/55 [killer bee (5)]
  3083 | D:4      | Reached skill level 5 in Long Blades
  3087 | D:4      | Reached skill level 5 in Fighting
  3088 | D:4      | HP: 2/56 [poisoned by a killer bee]
  3499 | D:4      | Found a shimmering blue altar of Sif Muna.
  3658 | D:4      | Found a basalt altar of Yredelemnul.
  3716 | D:4      | Reached skill level 1 in Dodging
  3716 | D:4      | Reached skill level 5 in Shields
  3716 | D:4      | Reached XP level 7. HP: 45/61 MP: 6/6
  4315 | D:5      | Entered Level 5 of the Dungeon
  4333 | D:5      | Found Koisolutt's Weapon Shop.
  4548 | D:5      | Found a staircase to the Ecumenical Temple.
  4565 | Temple   | Entered the Ecumenical Temple
  4705 | D:5      | Found a hazy altar of Hepliaklqana.
  4709 | D:5      | Found a snail-covered altar of Cheibriados.
  4717 | D:5      | Found a hide-covered altar of Uskayaw.
  4730 | D:5      | Found a sparkling altar of Nemelex Xobeh.
  4735 | D:5      | Found a blossoming altar of Fedhas.
  4743 | D:5      | Found a shadowy altar of Dithmenos.
  4899 | D:6      | Reached XP level 8. HP: 38/70 MP: 7/7
  5125 | D:6      | Noticed a troll
  5137 | D:6      | HP: 1/70 [asphyx]
  5138 | D:6      | Succumbed to a kobold brigand's curare-tipped dart

Illustrated notes

Levels and vault maps discovered:
D:1:      mrwooster_arrival_statue_3, layout_loops_cross,
          ebering_ecumenical_altar_hall
D:2:      layout_basic, serial_shops, nicolae_shop_statue_plus, serial_forest,
          infiniplex_forest_lined_1, infiniplex_forest_straight_3,
          infiniplex_forest_zigzag_2, infiniplex_forest_lined_4_way,
          infiniplex_forest_corner_1, infiniplex_forest_pool,
          infiniplex_forest_end_3, infiniplex_forest_end_1,
          infiniplex_forest_lined_1
D:3:      layout_loops_ring
D:4:      layout_gridville, mainiacjoe_overflow_24_doors,
          nicolae_overflow_hidden_temple, nicolae_sif_muna_condensation,
          corexii_shack
D:5:      layout_rooms, nicolae_overflow_hallway_of_the_gods,
          minmay_temple_entry_tees, serial_shops, nicolae_shop_window_shopping
D:6:      lemuel_castle_with_subvaults [lemuel_castle_interior_original],
          layout_basic, portal_sewer_entry_e, minmay_unpleasant_kobolds
Temple:   pdpol_scorched_temple

Skill      XL: |  1  2  3  4  5  6  7 |
---------------+----------------------+-----
Fighting       | 4 5 |  5.7
Armour         | 4 5 6 7 |  7.1
Shields        | 4 5 |  5.3
Long Blades    | 3 4 5 7 |  7.8
Dodging        | 1 |  1.7
Stealth        | |  0.8

Action                   |  1- 3 |  4- 6 |  7- 9 || total
-------------------------+-------+-------+-------++-------
Melee: Long sword        |    69 |    92 |    93 ||   254
       Headbutt          |    12 |    11 |    21 ||    44
  Use: Scroll            |     5 |     3 |     4 ||    12
       Potion            |       |     3 |     1 ||     4
Armor: Scale mail        |    22 |    43 |    13 ||    78
       Chain mail        |       |       |    30 ||    30
Dodge: Dodged            |    21 |    49 |    58 ||   128
Block: Buckler           |    11 |    29 |    40 ||    80
